AoeStats
← oMg

Arena

510111430Analyzed
3v3 RM · 18d ago on Sep 29, 2026· 38m 48s· 6 players
Game mode
Random Map
Map size
Normal (6 player)
Population
200
Speed
Normal
Resources
Standard
Victory
Conquest
Starting age
Dark Age
Ending age
Imperial Age
RankedLock teamsTeams togetherTeam positionsShared explorationLock speedFull tech treeHidden civsTurbo modeCheats
Victory
Defeat
🇭🇰 Persians · Hong Kong SAR China
1159
+17
🇬🇧 Teutons · United Kingdom
1094
+19
🇨🇳 Burmese · China
1082
+20
vs
🇪🇨 Persians · Ecuador
1198
-20
🇦🇷 Goths · Argentina
1174
-19
🇨🇴 Britons · Colombia
1133
-17
Neor2526
10:24 Feudal Age
13:29 Loom
16:10 Castle Age
14:27 Gold Mining
14:37 Double-Bit Axe
16:23 Wheelbarrow
15:38 Horse Collar
16:16 Fletching
16:44 Crossbowman
19:14 Bodkin Arrow
22:46 Padded Archer Armor
23:25 Gold Shaft Mining
25:57 Leather Archer Armor
25:41 Light Cavalry
27:50 Husbandry
34:49 Ballistics
38:11 Imperial Age
36:29 Hand Cart
VZ | Thelord
10:20 Feudal Age
13:53 Castle Age
12:16 Double-Bit Axe
12:56 Horse Collar
14:55 Bow Saw
15:56 Heavy Plow
27:38 Imperial Age
26:28 Gold Mining
26:56 Bloodlines
26:47 Husbandry
26:53 Scale Barding Armor
26:59 Forging
27:16 Loom
28:06 Wheelbarrow
27:18 Town Watch
28:16 Chain Barding Armor
27:43 Cavalier
29:00 Iron Casting
29:09 Gold Shaft Mining
30:55 Two-Man Saw
30:33 Crop Rotation
29:51 Light Cavalry
32:45 Blast Furnace
31:51 Stone Mining
32:37 Hand Cart
32:42 Town Patrol
35:14 Block Printing
35:42 Theocracy
34:33 Hussar
34:41 Savar
35:42 Pikeman
36:24 Squires
36:26 Scale Mail Armor
37:25 Stone Shaft Mining
37:58 Halberdier
oMg
11:36 Feudal Age
15:40 Castle Age
13:51 Double-Bit Axe
14:00 Stone Mining
14:04 Gold Mining
14:07 Horse Collar
15:31 Loom
16:34 Scale Mail Armor
16:46 Forging
17:49 Squires
28:31 Fletching
32:33 Bodkin Arrow
33:22 Chain Mail Armor
35:20 Anarchy
37:23 Iron Casting
SUNNYCHAN
11:02 Feudal Age
14:43 Castle Age
13:26 Double-Bit Axe
13:32 Horse Collar
15:02 Wheelbarrow
15:55 Bow Saw
23:29 Gold Mining
25:09 Gold Shaft Mining
24:52 Heavy Plow
26:37 Stone Mining
29:52 Imperial Age
28:06 Stone Shaft Mining
27:56 Forging
27:46 Scale Mail Armor
28:17 Scale Barding Armor
28:34 Hand Cart
28:05 Town Watch
28:05 Loom
29:27 Iron Casting
28:48 Pikeman
29:28 Squires
29:14 Gambesons
29:15 Arson
30:29 Chain Mail Armor
31:02 Chain Barding Armor
32:08 Crop Rotation
32:41 Two-Man Saw
33:06 Blast Furnace
31:50 Light Cavalry
32:41 Bloodlines
32:31 Husbandry
32:56 Elite War Elephant
34:12 Conscription
33:15 Elite Skirmisher
36:39 Plate Barding Armor
konron4880
11:13 Feudal Age
11:00 Loom
12:12 Double-Bit Axe
15:05 Castle Age
13:02 Horse Collar
16:47 Town Watch
20:37 Wheelbarrow
28:22 Ballistics
28:15 Masonry
34:15 Imperial Age
32:25 Hand Cart
32:38 Fortified Wall
34:45 Capped Ram
35:43 Scale Mail Armor
35:54 Forging
39:20 Conscription
39:36 Hoardings
38:26 Elite Teutonic Knight
39:00 Arson
39:16 Squires
wujiang
11:37 Feudal Age
12:33 Horse Collar
15:25 Castle Age
13:22 Loom
13:32 Gold Mining
16:37 Heavy Plow
17:18 Gold Shaft Mining
18:16 Fervor
18:27 Sanctity
18:39 Redemption
38:07 Wheelbarrow
38:56 Atonement
Connection lost

Rejoining the realm…

Still unreachable

The connection could not be restored.

Session expired

The server has moved on; the page needs a fresh start.